 Dungeon Crawl Stone Soup version 0.29-a0-1006-g0dd7720b37 (webtiles) character file.

Game seed: 4137708996927368639

5 experimilk the Trooper (level 1, -1/19 HPs)
             Began as a Palentonga Fighter on Aug 6, 2022.
             Slain by a gnoll
             ... wielding a +0 flail
              (6 damage)
             ... on level 1 of the Dungeon.
             The game lasted 00:00:45 (136 turns).

experimilk the Trooper (Palentonga Fighter)          Turns: 136, Time: 00:00:45

Health: -1/19      AC:  6    Str: 21    XL:     1   Next: 66%
Magic:  1/1        EV:  7    Int:  8    God:
Gold:   0          SH:  4    Dex:  9    Spells: 0/0 levels left

rFire   . . .      SeeInvis +   a - +0 flail
rCold   . . .      Faith    .   c - +0 buckler
rNeg    . . .      Spirit   .   b - +0 scale mail
rPois   .          Reflect  .   (no helmet)
rElec   .          Harm     .   (no cloak)
rCorr   .          Rampage  .   (no gloves)
Will    .....                   (no barding)
Stlth   ..........              (no amulet)
HPRegen 0.06/turn               (no ring)
MPRegen 0.07/turn               (no ring)

@: no status effects
A: large, rugged brown scales 3, see invisible, deformed body, roll 1, armoured
tail
a: Rolling Charge


You were on level 1 of the Dungeon.
You visited 1 branch of the dungeon, and saw 1 of its levels.

Inventory:

Hand Weapons
 a - a +0 flail (weapon)
Armour
 b - a +0 scale mail (worn)
 c - a +0 buckler (worn)
Potions
 d - a potion of might


   Skills:
 + Level 3.1 Fighting
 * Level 2.3 Maces & Flails
 - Level 2.4 Armour
 - Level 2.6 Shields


You couldn't memorise any spells.
You didn't know any spells.
Your spell library was empty.

Dungeon Overview and Level Annotations

Branches:
Dungeon (1/15)

Altars:


Innate Abilities, Weirdness & Mutations

You are completely covered in rugged brown scales. (AC +3, +7% HP)
You have supernaturally acute eyesight. (SInv)
Armour fits poorly on your strangely shaped body.
You can roll at nearby foes to attack.
You have a long armoured tail.


Message History

You see here a hobgoblin corpse.
Roll where?
Press: ? - help, Dir - move target, f - goblin
Aim: a goblin, wielding a +0 dagger You roll forward with a clatter of scales!
You hit the goblin.
The goblin is heavily wounded.
The goblin closely misses you. You block the goblin's attack.
The rat bites you but does no damage.
You closely miss the goblin.
The goblin is heavily wounded.
The goblin hits you but does no damage. The rat barely misses you.
You see here a hobgoblin corpse.
You thump the goblin!
You kill the goblin!
You block the rat's attack.
You hit the rat.
You kill the rat!
Things that are here:
a +0 dagger; a rat corpse; a goblin corpse You start resting.
HP restored.
A gnoll comes into view. It is wielding a +0 flail.
The gnoll shouts!
Roll where?
Press: ? - help, Dir - move target, f - gnoll
Aim: a gnoll, wielding a +0 flail You roll forward with a clatter of scales!
You hit the gnoll.
The gnoll is lightly wounded.
The gnoll hits you with a +0 flail.
You closely miss the gnoll.
The gnoll is lightly wounded.
The gnoll hits you with a +0 flail!
Ouch! That really hurt!
* * * LOW HITPOINT WARNING * * *
You hit the gnoll.
The gnoll is moderately wounded.
The gnoll hits you with a +0 flail.
You die...

#.... #....
....# #...#
#...# #...#
#.g.###.#
######?@.....#
......)°.#####
#######..#
#..# ##..#
#...# ##)#.#
#.†#.#
#####..###


You could see a gnoll.

Vanquished Creatures
  A hobgoblin (D:1)
  2 goblins (D:1)
  3 rats (D:1)
6 creatures vanquished.

Notes
Turn   | Place    | Note
-------+----------+-------------------------------------------
     0 | D:1      | experimilk the Palentonga Fighter began the quest for the
                  | Orb.
     0 | D:1      | Reached XP level 1. HP: 19/19 MP: 1/1
   136 | D:1      | Slain by a gnoll

Illustrated notes

Levels and vault maps discovered:
D:1:      dpeg_arrival_houses_and_road, layout_loops_ring,
          hellmonk_ecumenical_altar_leap_of_faith

Action                   || total
-------------------------++-------
Melee: Flail             ||    16
       Tailslap          ||     1
 Abil: Rolling Charge    ||     5
Armor: Scale mail        ||     3
Dodge: Dodged            ||     4
Block: Buckler           ||     2

Table legend: (Time is in decaauts)
 A = Elapsed time spent in this place.
 B = Non-inter-level travel time spent in this place.
 C = Inter-level travel time spent in this place.
 D = Time resting spent in this place.
 E = Time spent auto-exploring this place.
 F = Levels seen in this place.
 G = Mean time per level.
                   A        B        C        D        E       F      G
               +--------+--------+--------+--------+--------+-----+--------+
         Total |    140 |    140 |      0 |     64 |     10 |   1 |  140.0 |
       Dungeon |    140 |    140 |      0 |     64 |     10 |   1 |  140.0 |
               +--------+--------+--------+--------+--------+-----+--------+

Top non-repeatable levels by time:
     D:1: 140 daAuts
